AoeStats
← Tamor

Black Forest

510374287Analyzed
4v4 RM · 1d ago on Sep 30, 2026· 41m 2s· 8 players
Game mode
Random Map
Map size
Large (8 player)
Population
200
Speed
Normal
Resources
Standard
Victory
Conquest
Starting age
Dark Age
Ending age
Imperial Age
RankedLock teamsTeams togetherTeam positionsShared explorationLock speedFull tech treeHidden civsTurbo modeCheats
Victory
Defeat
🇲🇽 Britons · Mexico
802
+14
🇵🇪 Celts · Peru
785
+15
🇧🇷 Franks · Brazil
777
+15
🇺🇸 Danes · United States
772
+15
🇹🇷 Turks · Türkiye
783
-17
🇬🇷 Bohemians · Greece
771
-15
🇪🇸 Maya · Spain
770
-15
🇬🇷 Jurchens · Greece
694
-12
ander.bioesc
0:31 Loom
11:35 Feudal Age
13:00 Double-Bit Axe
12:55 Horse Collar
13:05 Horse Collar
18:42 Castle Age
17:39 Gold Mining
19:02 Stone Mining
21:36 Bow Saw
25:35 Wheelbarrow
24:59 Town Watch
26:40 Fletching
34:11 Imperial Age
31:39 Bodkin Arrow
31:55 Forging
33:12 Hand Cart
38:13 Eagle Warrior
gkalounias
0:28 Loom
17:03 Feudal Age
21:09 Horse Collar
21:19 Double-Bit Axe
22:12 Wheelbarrow
21:22 Town Watch
27:12 Castle Age
28:50 Heavy Plow
29:02 Bow Saw
32:17 Fortified Wall
36:46 Fervor
36:37 Atonement
36:34 Herbal Medicine
37:00 Sanctity
36:40 Devotion
39:50 Hand Cart
41:50 Chemistry
ntukis
0:55 Loom
15:26 Feudal Age
15:56 Town Watch
21:17 Double-Bit Axe
25:17 Horse Collar
28:44 Castle Age
28:47 Stone Mining
28:48 Gold Mining
30:16 Bow Saw
32:16 Heavy Plow
35:36 Fortified Wall
39:49 Wheelbarrow
39:23 Caravan
41:18 Gold Shaft Mining
41:19 Stone Shaft Mining
Valhalla
13:21 Feudal Age
18:45 Loom
21:44 Castle Age
20:31 Horse Collar
31:02 Double-Bit Axe
31:41 Fletching
33:46 Caravan
34:24 Heavy Plow
35:23 Bow Saw
36:22 Padded Archer Armor
38:58 Wheelbarrow
41:09 Hand Cart
Sir Corsario II
0:27 Loom
15:00 Feudal Age
19:08 Arson
19:55 Man-at-Arms
25:35 Castle Age
Tamor
12:43 Feudal Age
18:36 Castle Age
16:46 Double-Bit Axe
20:31 Bow Saw
21:50 Wheelbarrow
24:45 Gold Mining
26:19 Stone Mining
27:34 Hand Cart
29:50 Husbandry
30:37 Forging
30:33 Scale Barding Armor
35:20 Imperial Age
35:42 Iron Casting
35:28 Chain Barding Armor
35:22 Cavalier
36:33 Conscription
36:21 Chivalry
37:41 Caravan
37:03 Paladin
39:23 Blast Furnace
38:59 Plate Barding Armor
39:22 Gold Shaft Mining
MiguelAngel
0:35 Loom
11:56 Feudal Age
14:15 Horse Collar
19:27 Castle Age
18:04 Double-Bit Axe
19:21 Stone Mining
19:35 Gold Mining
25:59 Heavy Plow
29:27 Imperial Age
31:17 Wheelbarrow
31:18 Bow Saw
31:35 Capped Ram
36:37 Conscription
37:16 Hand Cart
36:31 Cavalier
37:11 Husbandry
Raidho
0:28 Loom
20:14 Feudal Age
20:41 Double-Bit Axe
20:50 Gold Mining
20:50 Stone Mining
20:42 Horse Collar
21:42 Wheelbarrow
22:23 Arson
28:23 Castle Age
26:21 Fletching
26:41 Forging
27:35 Town Watch
29:42 Bow Saw
29:33 Heavy Plow
30:11 Gold Shaft Mining
31:08 Bodkin Arrow
31:33 Fervor
31:46 Gambesons
37:08 Hand Cart
37:17 Caravan
41:33 Imperial Age
40:10 Town Patrol
Connection lost

Rejoining the realm…

Still unreachable

The connection could not be restored.

Session expired

The server has moved on; the page needs a fresh start.